AoeStats
← Blazing Cartesia, The Virtuous

Arabia

508236095Analyzed
1v1 RM · 10d ago on Sep 21, 2026· 32m 57s· 2 players
Game mode
Random Map
Map size
Tiny (2 player)
Population
200
Speed
Normal
Resources
Standard
Victory
Conquest
Starting age
Dark Age
Ending age
Imperial Age
RankedLock teamsTeams togetherTeam positionsShared explorationLock speedFull tech treeHidden civsTurbo modeCheats
Victory
Defeat
1148
+15
🇮🇳 Magyars · India
1122
-15
Sad Eyes
6:53 Loom
9:16 Feudal Age
10:25 Double-Bit Axe
20:45 Castle Age
19:25 Horse Collar
19:38 Gold Mining
20:55 Bloodlines
21:39 Fletching
23:24 Husbandry
24:13 Bow Saw
25:32 Bodkin Arrow
27:15 Pikeman
Blazing Cartesia, The Virtuous
6:19 Loom
8:51 Feudal Age
9:15 Double-Bit Axe
10:27 Horse Collar
17:43 Wheelbarrow
21:41 Castle Age
19:59 Gold Mining
20:42 Bloodlines
22:27 Bow Saw
22:17 Heavy Plow
23:05 Scale Barding Armor
24:15 Husbandry
24:32 Forging
25:04 Gold Shaft Mining
27:40 Chain Barding Armor
28:31 Hand Cart
31:09 Iron Casting
Connection lost

Rejoining the realm…

Still unreachable

The connection could not be restored.

Session expired

The server has moved on; the page needs a fresh start.